Cogmind - Beta 11 --- EXPLORER MODE // 2022.03.18 @ 19:41:00 Player: darlorth Result: Self-destructed Performance ------------- Evolutions (3) 1500 Regions Visited (8) 1600 Robots Destroyed (24) 120 Value Destroyed (550) 550 Prototype IDs (6) 120 Alien Tech Used (0) 0 Bonus (800) 800 TOTAL SCORE: 4690 Bonus ------- Entered DSFs 500 Aligned with FarCom 300 Cogmind --------- Core Integrity 567/700 Matter 300/300 Energy 100/100 System Corruption 0% Temperature Cool (0) Movement Core (50) Location -7/DSF Parts ------- > --- POWER (2) -------- (None) > --- PROPULSION (4) --- (None) > --- UTILITY (5) ------ Improved Terrain Scan Processor > --- WEAPON (3) ------- (None) > --- INVENTORY (5) ---- Improved Deuterium Engine Thermal Generator Compact Matter Pod (22) Dynamic Insulation System Heavy Missile Launcher Peak State ------------ > --- POWER ------------ Improved Deuterium Engine Improved Deuterium Engine > --- PROPULSION ------- Improved Carbon-fiber Leg Improved Carbon-fiber Leg Improved Carbon-fiber Leg Improved Carbon-fiber Leg > --- UTILITY ---------- Medium Storage Unit Experimental Sensor Array Propulsion Shielding Corruption Screen > --- WEAPON ----------- Lightning Gun Longsword +1 > --- INVENTORY -------- Improved Deuterium Engine Medium Treads Improved Terrain Scanner Dynamic Insulation System Trap Extractor Improved EM Pulse Cannon Flak Gun Flak Gun Gauss Cannon [Rating: 54] Favorites ----------- Power Improved Deuterium Engine Engine Improved Deuterium Engine Propulsion Improved Carbon-fiber Leg Treads Light Treads Leg Improved Carbon-fiber Leg Flight Unit Xenon Bombardment Thruster Utility Medium Storage Unit Device Experimental Sensor Array Storage Medium Storage Unit Processor Corruption Screen Protection Propulsion Shielding Weapon Lightning Gun Energy Gun Lightning Gun Ballistic Gun Assault Rifle Ballistic Cannon Gauss Cannon Launcher Heavy Missile Launcher Slashing Weapon Longsword +1 Build | -11 -10 -9 -9 -9 -8 -8 -7 -7 ------- Run | Scr Mat Mat Min Exi Min Mat Fac DSF Slots Evolved 7 | . 1 2 . . . 2 2 . Power 1 | . 1 . . . . . . . Propulsion 2 | . . . . . . 2 . . Utility 3 | . . 2 . . . . 1 . Weapon 1 | . . . . . . . 1 . Parts Attached 54 | 7 . 13 7 1 . 10 13 3 Power 10 | 1 . 6 1 . . 1 1 . Engine 10 | 1 . 6 1 . . 1 1 . Core . | . . . . . . . . . Reactor . | . . . . . . . . . Propulsion 17 | 2 . 4 1 . . 4 5 1 Treads 5 | . . 4 1 . . . . . Leg 6 | 2 . . . . . 4 . . Wheel . | . . . . . . . . . Hover . | . . . . . . . . . Flight 6 | . . . . . . . 5 1 Utility 15 | 2 . 1 3 1 . 2 4 2 Device 6 | . . . 2 . . 1 3 . Storage 3 | 1 . 1 . . . . . 1 Processor 2 | . . . 1 . . . 1 . Hackware . | . . . . . . . . . Protection 4 | 1 . . . 1 . 1 . 1 Artifact . | . . . . . . . . . Weapon 12 | 2 . 2 2 . . 3 3 . Energy Gun 3 | . . 2 1 . . . . . Energy Cannon . | . . . . . . . . . Ballistic Gun 3 | 2 . . . . . 1 . . Ballistic Cannon 2 | . . . 1 . . . 1 . Launcher 1 | . . . . . . . 1 . Special Weapon . | . . . . . . . . . Impact Weapon . | . . . . . . . . . Slashing Weapon 3 | . . . . . . 2 1 . Piercing Weapon . | . . . . . . . . . Special Melee Weapon . | . . . . . . . . . Unidentified Prototypes 6 | . . 3 1 . . 1 1 . Parts Lost 7 | . . 1 . . . . . 6 Power 1 | . . . . . . . . 1 Propulsion 3 | . . . . . . . . 3 Utility 2 | . . . . . . . . 2 Weapon 1 | . . 1 . . . . . . Highest Loss Streak 6 | . . 1 . . . . . 6 To Critical Strikes . | . . . . . . . . . Average Slot Usage (%) 86 | . 87 79 95 100 100 94 70 58 Engine 17 | . 12 19 20 20 20 16 12 5 Treads 8 | . . 7 20 20 20 . . . Leg 12 | . 25 12 . . . 31 14 . Flight 1 | . . . . . . . 11 19 Device 5 | . . . 7 10 10 8 8 11 Storage 9 | . 12 10 10 10 10 8 5 4 Processor 3 | . . . 8 10 10 3 . 7 Protection 8 | . 12 10 10 10 10 8 4 4 Energy Gun 7 | . . 6 11 10 10 8 4 . Ballistic Gun 7 | . 25 13 . . . 6 4 . Ballistic Cannon 3 | . . . 8 10 10 . 3 . Naked Turns . | . . . . . . . . . Heaviest Build 62 | 17 17 33 42 41 41 55 62 24 Greatest Support 72 | 20 20 40 48 48 48 72 72 24 Greatest Overweight (x) 10 | 1 . 1 . . . 2 10 2 Average Overweight (x) . | . . . . . . . . . Largest Inventory Capacity 10 | 10 10 10 10 10 10 10 10 5 Average Capacity 9 | 7 10 10 10 10 10 10 8 5 Most Carried 10 | 4 4 10 10 10 10 10 10 5 Average Carried 8 | 2 4 9 9 9 10 9 8 4 Final Capacity 10 | 10 10 10 10 10 10 10 5 5 Final Carried 10 | 4 4 10 10 10 10 10 4 5 Class Distribution -------------------- 71% | Hacker-Mutant 24% | Hacker-Skirmisher Dominant Class ---------------- Hacker-Mutant | -10/Materials Hacker-Mutant | -9/Materials Hacker-Mutant | -9/Mines Hacker-Mutant | -9/Exiles Hacker-Skirmisher | -8/Mines Hacker-Skirmisher | -8/Materials Hacker-Skirmisher | -7/Factory Hacker-Assassin | -7/DSF Resources | -11 -10 -9 -9 -9 -8 -8 -7 -7 ----------- Run | Scr Mat Mat Min Exi Min Mat Fac DSF Matter Collected 972 | 278 . 288 66 . . 200 103 37 Remotely . | . . . . . . . . . Salvage Created 987 | 75 . 589 24 . . 299 . . Parts 68 | 8 . 38 2 . . 20 . . Haulers Intercepted 4 | . . 2 . . . 2 . . Recyclers Shooed 3 | . . 2 . . . 1 . . Parts Field Recycled . | . . . . . . . . . Retrieved Matter . | . . . . . . . . . Parts Self-Destructed . | . . . . . . . . . Prevented . | . . . . . . . . . Kills | -11 -10 -9 -9 -9 -8 -8 -7 -7 ------- Run | Scr Mat Mat Min Exi Min Mat Fac DSF Combat Hostiles Destroyed 13 | . . 9 . . . 4 . . Guns 13 | . . 9 . . . 4 . . Classes Destroyed 9 | 2 . 6 . . . 1 . . Worker 2 | . . 1 1 . . . . . Tunneler 2 | 1 . 1 . . . . . . Hauler 4 | . . 2 . . . 2 . . Recycler 2 | 1 . 1 . . . . . . Watcher 1 | . . 1 . . . . . . Swarmer 3 | . . 3 . . . . . . Grunt 2 | . . 2 . . . . . . Sentry 6 | . . 4 . . . 2 . . Hunter 2 | . . . . . . 2 . . Best Kill Streak 3 | 2 . 3 1 . . 2 . . Combat Bots Only 3 | . . 3 . . . 1 . . Max Kills in Single Turn 1 | 1 . 1 1 . . 1 . . Gunslinging . | . . . . . . . . . Exploded . | . . . . . . . . . Melee . | . . . . . . . . . Uniques/NPCs Destroyed . | . . . . . . . . . Combat | -11 -10 -9 -9 -9 -8 -8 -7 -7 -------- Run | Scr Mat Mat Min Exi Min Mat Fac DSF Damage Taken 1011 | . . 350 . . . 179 . 482 Core 167 | . . 34 . . . . . 133 Absorbed by Shields . | . . . . . . . . . Redirected to Shielding 42 | . . 28 . . . 14 . . Core Remaining (%) 97 | 100 100 . . . 91 100 . . Volleys Fired 73 | 2 . 54 1 . . 16 . . Largest 2 | 2 . 2 2 . . 2 . . Hottest 103 | 40 . 101 103 . . 83 . . Shots Fired 139 | 4 . 101 2 . . 32 . . Gun 138 | 4 . 101 1 . . 32 . . Cannon 1 | . . . 1 . . . . . Launcher . | . . . . . . . . . Special . | . . . . . . . . . Kinetic 95 | 4 . 74 1 . . 16 . . Thermal 17 | . . 17 . . . . . . Explosive . | . . . . . . . . . Electromagnetic 27 | . . 10 1 . . 16 . . Robot Hit Streak 17 | 4 . 17 2 . . 15 . . Robot Miss Streak 3 | . . 3 . . . 3 . . Penetration Max . | . . . . . . . . . Secondary Targets . | . . . . . . . . . Shots Hit Robots 111 | 4 . 77 1 . . 28 . 1 Core Hits 58 | 3 . 31 1 . . 22 . 1 Critical Kills . | . . . . . . . . . Critical Parts Destroyed 1 | . . 1 . . . . . . Critical Strikes 3 | . . 2 . . . . . 1 Burn 1 | . . 1 . . . . . . Destroy 1 | . . 1 . . . . . . Sever 1 | . . . . . . . . 1 Melee Attacks 2 | . . . . . . . . 2 Impact . | . . . . . . . . . Slashing 2 | . . . . . . . . 2 Piercing . | . . . . . . . . . Sneak Attacks . | . . . . . . . . . Combat Hostiles . | . . . . . . . . . Follow-up Attacks . | . . . . . . . . . Damage Inflicted 1593 | 39 . 939 20 . . 532 . 63 Guns 1530 | 39 . 939 20 . . 532 . . Cannons . | . . . . . . . . . Explosions . | . . . . . . . . . Melee 50 | . . . . . . . . 50 Ramming 13 | . . . . . . . . 13 Kinetic 831 | 39 . 572 . . . 220 . . Thermal 235 | . . 235 . . . . . . Explosive . | . . . . . . . . . Electromagnetic 464 | . . 132 20 . . 312 . . Impact . | . . . . . . . . . Slashing 50 | . . . . . . . . 50 Piercing . | . . . . . . . . . Highest Corruption . | . . . . . . . . . Average Corruption . | . . . . . . . . . Corruption Purged . | . . . . . . . . . Corruption Blocked . | . . . . . . . . . Overload Shots . | . . . . . . . . . Overflow Damage . | . . . . . . . . . Projectiles . | . . . . . . . . . Explosions . | . . . . . . . . . Melee . | . . . . . . . . . Knockbacks . | . . . . . . . . . Impact . | . . . . . . . . . Kinetic . | . . . . . . . . . Secondary . | . . . . . . . . . Self-Inflicted Damage 6 | . . . . . . . . 6 Shots . | . . . . . . . . . Rammed 4 | . . . . . . . . 4 Targets Rammed 4 | . . . . . . . . 4 Kicked . | . . . . . . . . . Crushed . | . . . . . . . . . Highest Temperature 195 | . . 195 63 . . 187 . . Average Temperature 58 | . . 43 33 . . 78 . . Received Heat Transfer 171 | . . 171 . . . . . . Siege Activations . | . . . . . . . . . Robots Corrupted . | . . . . . . . . . Combat Hostiles . | . . . . . . . . . Parts Fried 2 | . . . . . . 2 . . Impact Corruptions . | . . . . . . . . . Robots Melted . | . . . . . . . . . Combat Hostiles . | . . . . . . . . . Parts Melted 4 | . . 4 . . . . . . Heat Transferred 592 | . . 592 . . . . . . Parts Sabotaged . | . . . . . . . . . Parts Stolen . | . . . . . . . . . Parts Stripped . | . . . . . . . . . Power Chain Reactions . | . . . . . . . . . Missiles Intercepted . | . . . . . . . . . Alert | -11 -10 -9 -9 -9 -8 -8 -7 -7 ------- Run | Scr Mat Mat Min Exi Min Mat Fac DSF Peak Influence 196 | 10 13 196 15 . . 90 24 15 Initial 24 | . 4 3 7 . . . 24 14 Average 31 | 7 5 48 8 . . 35 24 8 Maximum Alert Level . | . . . . . . . . . Low Security (%) 100 | 100 100 100 100 . 100 100 100 100 Level 1 . | . . . . . . . . . Level 2 . | . . . . . . . . . Level 3 . | . . . . . . . . . Level 4 . | . . . . . . . . . Level 5 . | . . . . . . . . . High Security . | . . . . . . . . . Max Security . | . . . . . . . . . Squads Dispatched 3 | . . . 1 . . 1 . 1 Investigation 1 | . . . 1 . . . . . Extermination . | . . . . . . . . . Reinforcement 2 | . . . . . . 1 . 1 Assault . | . . . . . . . . . Garrison . | . . . . . . . . . Intercept . | . . . . . . . . . Searches Triggered . | . . . . . . . . . Construction Impeded . | . . . . . . . . . Haulers Reinforced . | . . . . . . . . . Active Scanning Responses . | . . . . . . . . . Cargo Convoy Interrupts . | . . . . . . . . . Stealth | -11 -10 -9 -9 -9 -8 -8 -7 -7 --------- Run | Scr Mat Mat Min Exi Min Mat Fac DSF Distress Signals 4 | . . 2 . . . 2 . . Communications Jammed . | . . . . . . . . . Distress Signals . | . . . . . . . . . Times Spotted 29 | . . 16 . . . 8 . 5 Peak Tracking Total 4 | . . 3 . . . 3 . 4 Tactical Retreats 2 | . . 2 . . . . . . Traps | -11 -10 -9 -9 -9 -8 -8 -7 -7 ------- Run | Scr Mat Mat Min Exi Min Mat Fac DSF Traps Triggered 2 | . . 1 . . . . 1 . Indirectly . | . . . . . . . . . Trap Hack Attempts . | . . . . . . . . . Triggered . | . . . . . . . . . Disarmed . | . . . . . . . . . Reprogrammed . | . . . . . . . . . Reused . | . . . . . . . . . Traps Extracted . | . . . . . . . . . Installed . | . . . . . . . . . Triggered . | . . . . . . . . . Exploded 1 | . . . . 1 . . . . Machines | -11 -10 -9 -9 -9 -8 -8 -7 -7 ---------- Run | Scr Mat Mat Min Exi Min Mat Fac DSF Machines Disabled 2 | . . 2 . . . . . . Max in Single Turn 1 | . . 1 . . . . . . Machines Sabotaged . | . . . . . . . . . Garrisons Compromised . | . . . . . . . . . Overloaded Fab Kills . | . . . . . . . . . Hacking | -11 -10 -9 -9 -9 -8 -8 -7 -7 --------- Run | Scr Mat Mat Min Exi Min Mat Fac DSF Machines Accessed 11 | . 1 5 1 1 . 2 1 . Terminals 8 | . 1 4 . . . 2 1 . Fabricators . | . . . . . . . . . Repair Stations . | . . . . . . . . . Recycling Units 1 | . . 1 . . . . . . Scanalyzers . | . . . . . . . . . Garrison Access . | . . . . . . . . . Total Hacks 29 | . 4 10 1 10 . 3 1 . Successful 26 | . 3 8 1 10 . 3 1 . Failed 3 | . 1 2 . . . . . . Catastrophic . | . . . . . . . . . Database Lockouts . | . . . . . . . . . Manual 11 | . 2 5 . 1 . 3 . . Terminals 17 | . 4 9 . . . 3 1 . Fabricators . | . . . . . . . . . Repair Stations . | . . . . . . . . . Recycling Units 1 | . . 1 . . . . . . Scanalyzers . | . . . . . . . . . Garrison Access . | . . . . . . . . . Terminal Hacks 22 | . 3 6 1 10 . 1 1 . Record 10 | . . . . 10 . . . . Part Schematic 1 | . 1 . . . . . . . Open Door 1 | . . . 1 . . . . . Open DSF 1 | . . . . . . . 1 . Terminal Index 1 | . . 1 . . . . . . Unreport Threat 1 | . . 1 . . . . . . Transport Status 2 | . 1 1 . . . . . . Hauler Manifests 2 | . 1 1 . . . . . . Zone Layout 3 | . . 2 . . . 1 . . Fabricator Hacks . | . . . . . . . . . Repair Station Hacks . | . . . . . . . . . Recycling Unit Hacks 1 | . . 1 . . . . . . Report Inventory 1 | . . 1 . . . . . . Scanalyzer . | . . . . . . . . . Garrison Access Hacks . | . . . . . . . . . Unauthorized Hacks 3 | . . 1 . . . 2 . . Terminals 3 | . . 1 . . . 2 . . Track 3 | . . 1 . . . 2 . . Fabricators . | . . . . . . . . . Repair Stations . | . . . . . . . . . Recycling Units . | . . . . . . . . . Scanalyzers . | . . . . . . . . . Garrison Access . | . . . . . . . . . Data Cores Recovered . | . . . . . . . . . Used . | . . . . . . . . . Hacking Detections 4 | . 1 3 . . . . . . Full Trace Events 1 | . 1 . . . . . . . Feedback Events . | . . . . . . . . . Feedback Blocked . | . . . . . . . . . Robot Schematics Acquired . | . . . . . . . . . Robots Built . | . . . . . . . . . Authchips . | . . . . . . . . . Time . | . . . . . . . . . Total Robot Build Rating . | . . . . . . . . . Part Schematics Acquired 1 | . 1 . . . . . . . Parts Built . | . . . . . . . . . Authchips . | . . . . . . . . . Time . | . . . . . . . . . Total Part Build Rating . | . . . . . . . . . Parts Repaired . | . . . . . . . . . Time . | . . . . . . . . . Parts Recycled . | . . . . . . . . . Recycled Matter . | . . . . . . . . . Retrieved Matter . | . . . . . . . . . Retrieved Components . | . . . . . . . . . Parts Scanalyzed . | . . . . . . . . . Part Schematics Acquired . | . . . . . . . . . Parts Damaged . | . . . . . . . . . Bothacking | -11 -10 -9 -9 -9 -8 -8 -7 -7 ------------ Run | Scr Mat Mat Min Exi Min Mat Fac DSF Used RIF Installer . | . . . . . . . . . Robots Hacked . | . . . . . . . . . Non-combat . | . . . . . . . . . Combat . | . . . . . . . . . Robot Hacks Applied . | . . . . . . . . . Relay Couplers Released . | . . . . . . . . . Fabnet Peak Effective % . | . . . . . . . . . Robots Rewired . | . . . . . . . . . Allies Hacked . | . . . . . . . . . Hacks Repelled . | . . . . . . . . . Allies | -11 -10 -9 -9 -9 -8 -8 -7 -7 -------- Run | Scr Mat Mat Min Exi Min Mat Fac DSF Total Allies . | . . . . . . . . . Largest Group . | . . . . . . . . . Highest-Rated Group . | . . . . . . . . . Highest-Rated Ally . | . . . . . . . . . Total Orders . | . . . . . . . . . Ally Attacks . | . . . . . . . . . Total Damage . | . . . . . . . . . Kills . | . . . . . . . . . Allies Corrupted . | . . . . . . . . . Allies Melted . | . . . . . . . . . Intel | -11 -10 -9 -9 -9 -8 -8 -7 -7 ------- Run | Scr Mat Mat Min Exi Min Mat Fac DSF Robot Analysis Total . | . . . . . . . . . Derelict Logs Recovered . | . . . . . . . . . Drone Launches . | . . . . . . . . . Drone Recoveries . | . . . . . . . . . Exploration | -11 -10 -9 -9 -9 -8 -8 -7 -7 ------------- Run | Scr Mat Mat Min Exi Min Mat Fac DSF Turns Passed 2721 | 98 119 897 265 411 116 485 282 48 Spaces Moved 1725 | 68 100 402 152 256 73 312 294 68 Core 27 | 22 . . . . . . . 5 Treads 653 | . . 159 152 256 73 13 . . Legs 800 | 46 100 243 . . . 299 112 . Wheels . | . . . . . . . . . Hover . | . . . . . . . . . Flight 245 | . . . . . . . 182 63 Fastest Speed 29 | 50 120 120 160 160 160 120 29 29 Average Speed 133 | 104 120 172 160 160 160 122 81 39 Slowest Speed 860 | 120 120 240 160 160 160 260 860 200 Overloaded Moves . | . . . . . . . . . Propulsion Burnouts . | . . . . . . . . . Robots Hopped . | . . . . . . . . . Cave-ins Triggered . | . . . . . . . . . Exploration Rate (%) 29 | 4 17 31 31 64 28 25 5 62 Regions Visited 8 Branch Regions 3 Pre-discovered Areas . | . . . . . . . . . Known Exits Taken 8 | 1 1 1 1 1 1 1 1 . Unknown Exits Taken . | . . . . . . . . . Scrap Searched 2 | . . . 2 . . . . . Spaces Dug 1 | . . . . . . . . 1 Terrain Destroyed 3 | . . . 2 . . . . 1 Melee 1 | . . . . . . . . 1 Projectile 2 | . . . 2 . . . . . AOE . | . . . . . . . . . Terrain Rammed . | . . . . . . . . . Walls Destroyed . | . . . . . . . . . Machines Disabled . | . . . . . . . . . Actions | -11 -10 -9 -9 -9 -8 -8 -7 -7 --------- Run | Scr Mat Mat Min Exi Min Mat Fac DSF Total 2022 | 91 99 515 174 259 72 385 341 86 Wait 52 | 4 . 19 . . . 28 . 1 Move 1717 | 67 99 401 151 255 72 311 293 68 Hop . | . . . . . . . . . Pick Up 50 | 11 . 15 6 1 . 7 6 4 Fast Attach 19 | . . 4 3 . . 7 5 . Attach 17 | 7 . 2 . . . . 6 2 Detach 2 | . . . . . . . 2 . Swap 19 | . . 8 4 1 . 3 2 1 Drop 51 | . . 12 9 2 . 13 14 1 Fire 73 | 2 . 54 1 . . 16 . . Melee 2 | . . . . . . . . 2 Ram 4 | . . . . . . . . 4 Kick . | . . . . . . . . . Crush . | . . . . . . . . . Escape Stasis 13 | . . . . . . . 13 . Rewire 3 | . . . . . . . . 3 Trap . | . . . . . . . . . Miscellaneous . | . . . . . . . . . Route ------- -11/Scrapyard -10/Materials -9/Materials (discovered 2 exits: Mat / *Min) -9/Mines -9/Exiles -8/Mines -8/Materials -7/Factory -7/DSF History --------- Turn | Location | Event 28 | -11/Scrapyard | Identified exit to Materials 28 | -11/Scrapyard | Discovered exit to Materials (range 15) 99 | -11/Scrapyard | Entered Materials 99 | -10/Materials | Evolved 1 slot: Power x1 163 | -10/Materials | Identified exit to Materials 163 | -10/Materials | Discovered exit to Materials (range 4) 218 | -10/Materials | Entered another Materials area 218 | -9/Materials | Evolved 2 slots: Utility x2 303 | -9/Materials | Build established: Hacker-Mutant 744 | -9/Materials | Identified exit to Materials 744 | -9/Materials | Discovered exit to Materials (range 14) 985 | -9/Materials | Identified exit to Mines 985 | -9/Materials | Discovered exit to Mines (range 14) 1115 | -9/Materials | Entered Mines 1155 | -9/Mines | Met a Derelict shopkeep closing up shop 1355 | -9/Mines | Found a damaged Exp. Sensor Array with a note attached 1358 | -9/Mines | Found Prototype Device 1359 | -9/Mines | Identified Exp. Sensor Array 1374 | -9/Mines | Deemed a non-threat by the Exiles lab entrance 1374 | -9/Mines | Identified exit to Exiles 1374 | -9/Mines | Discovered exit to Exiles (range 5) 1380 | -9/Mines | Entered Exiles 1422 | -9/Exiles | Met 8R-AWN 1449 | -9/Exiles | Met EX-HEX 1491 | -9/Exiles | Met EX-BIN 1512 | -9/Exiles | Aligned with FarCom system 1513 | -9/Exiles | Given EX-Vault access code 1576 | -9/Exiles | Opened EX-Vault 1586 | -9/Exiles | Found Prototype Slashing Weapon 1623 | -9/Exiles | Warned to stay clear of 0b10 Research branches 1644 | -9/Exiles | Exiles lab attacked by MAIN.C 1775 | -9/Exiles | Identified exit to Mines 1775 | -9/Exiles | Discovered exit to Mines (range 12) 1791 | -9/Exiles | Left Exiles lab with Longsword +1 1791 | -9/Exiles | Entered Mines 1883 | -8/Mines | Discovered exit to Materials (range 15) 1907 | -8/Mines | Entered Materials 1907 | -8/Materials | Evolved 2 slots: Propulsion x2 1959 | -8/Materials | Identified Longsword +1 2091 | -8/Materials | Build established: Hacker-Skirmisher 2376 | -8/Materials | Identified exit to Factory 2376 | -8/Materials | Discovered exit to Factory (range 13) 2392 | -8/Materials | Entered Factory 2392 | -7/Factory | Evolved 2 slots: Utility x1, Weapon x1 2674 | -7/Factory | Identified exit to DSF 2674 | -7/Factory | Entered DSF 2710 | -7/DSF | Additional patrols routed to DSF 2722 | -7/DSF | Self-destructed Last Messages --------------- 02710_ Penetrated by Slug. 02710_ Knocked back. 02711_ Slammed into C-17 Slicer. 02712_ Imp. Medium Armor Plating severed. 02712_ Xenon Bombardment Thruster destroyed. 02714_ Imp. Deuterium Engine destroyed. 02714_ Xenon Bombardment Thruster severed. 02714_ Penetrated by Slug. 02715_ Longsword +1 severed. 02717_ Knocked back. 02717_ Exp. Sensor Array destroyed. 02719_ Imp. Terrain Scanner destroyed. 02719_ Knocked back. 02719_ Med. Battery severed. 02719_ Attempting to rewire A-02 Transporter. 02719_ A-02 Transporter is unpowered. 02720_ Attempting to rewire A-02 Transporter. 02720_ A-02 Transporter is unpowered. 02721_ Attempting to rewire A-02 Transporter. 02721_ A-02 Transporter is unpowered. Map ----- +----------------------------------------------------+ | ????#????#??????#??????????#??????#???????????? | | ???#?#??##??????????????##????????????????????? | | ??????#?#?#????##??#????????#?????????????????? | | ?#???????""#??#????????????#??????????????????? | | ???##????#"#?????????#????????????????????????? | | ???##?####"##?###???#########?????????????????? | | ??????#"""""######### !!![[#?????????????????? | | ??#???#"""""##/!#!!!# !!![[##???#??#?????????? | | ??##"##"" #??#??????????????? | | ??##""""" ##????????????????? | | ????###"" ## # !!### ###???#?????????????? | | ??????### ### #!!!#?? ##??????????????????? | | #???##?## ########## ?#????????????????? | | ???????#% =!#?#?####?? #?????????????????? | | ??##?#?# !###?#????? #??#??????????????? | | ???????## ###?#??????# ###?????????????????? | | ?#????## ###??#?#?] !!#?????????????????? | | ??????## ##?#?###?] !!##????????????????? | | ??????## #??#?#?? ] !!#?????????????????? | | ??????### ##########?# ##????#?????????????? | | ?##??## ## #!!!### ##??[[#?????????????? | | ?????#" ## #! ##%= a##[[[#]]]##????????? | | ??###?# % !* ^ ???????? | | ##?#### % *%H% ^ ^ a ???????? | | #???#?# %%%=!=/ccc ^ ???????? | | ?#??#?# ##==="!!!"#@ a##!!!#?????????????? | | ?##???# ##=== !!!###a ###?? ? ????????????? | | #??#??###############?# % #???????????????????? | | ???#??#???#????#??#?? ! !!#?????????????????? | | ?????????#????##????? ! !!#?????????????????? | | ???#??#????#?#???#????! !!##?????#??????????? | | ??????###?????????##??# ###?????????????????? | | ???#?????#????##?????? ??????????????????? | | ????#??##????#????#??? ???#??????????????? | | #???#???#???????????# ??????????????????? | | ????????#?#????#??????# ###???#?????????????? | | ????#????#??????????#?# #???????????????????? | | ????????#?#???#???????? ???????????????????? | | ????????#?#??????????? ???????????????????? | | ???????#??????##???#??? ????????????????????? | | ???????????????????#??????????????????????????? | | ????????????#??????#??????????????????????????? | | ??????????????????????????????????????????????? | | ??????????????????????????????????????????????? | | ??????????????????????????????????????????????? | | ??????????????????????????????????????????????? | | ??????????????????????????????????????????????? | | ??????????????????????????????????????????????? | | ??????????????????????????????????????????????? | | | +----------------------------------------------------+ Best States ------------- Heat Dissipation 34 Energy Generation 27 Energy Capacity 480 Matter Stores 300 Matter Capacity 300 Sight Range 16 Robot Scan Range 20 Terrain Scan Range 16 Terrain Scan Density 110 EM Shielding 2 Corruption Block 8 Armor Coverage 600 Resistance: KI 35 Resistance: TH 35 Resistance: EX 35 Resistance: EM 35 Resistance: I 35 Resistance: S 35 Resistance: P 35 Propulsion Shielding 33 Evasion (%) 64 Recoil Reduction 2 Offensive Hacking 20 Item Schematics ----------------- Lrg. Storage Unit | -10/Materials | Hacked Robot Schematics ------------------ None Fabricated ------------ Nothing Alien Tech Used ----------------- None Achievements -------------- None Challenges ------------ None Game ------ Seed CryofiberMakeshiftRipper Manual? 0 Play Time 00:30:24 Cumulative 189.7 hours Start 2022.03.18 @ 19:11:44 End 2022.03.18 @ 19:41:00 Sessions 1 Manual Loads 0 Difficulty Explorer Special Mode None Game No. 220 Rogue 110 Adventurer 62 Explorer 48 Win Type - Total 7 Types 6/0/1/0/0/0/0/0/0 Lore% 30 Gallery% 62 Achievement% 53 Wizard Run 0 Options --------- ASCII 0 Keyboard 0 Movement Mouse Keybinds 0 Fullscreen 1 Font 12/Smallcaps Map View 83x54 Tactical HUD 1 Map Filters NONE Filters NONE Steam 1 RUN: 5f779642-9449-4dbd-982b-b36f8eb1a339